Map: Cyber Forest LE

Players

Colwell - Winner!

  • Race: Protoss Protoss
  • League: Silver
  • Spawn Location: 11:00

Cammy

  • Race: Zerg Zerg
  • Spawn Location: 5:00

VOD

Have the link to the VOD?

Description

Time

  • Played on: April 6, 2019, 10:52 p.m.
  • Length: 17:33
Show
View Real Time Build Order
Export as new Build Order

Colwell Protoss - Winner!

Build Orders: Archon Immortal 

Get SALT Encoding   

  12  0:01  Probe  
  13  0:13  Probe  
  14  0:19  Pylon  
  14  0:29  Probe  
  15  0:38  Probe, Gateway  
  16  0:46  Probe  
  16  0:51  Assimilator  
  16  0:55  Probe  
  17  1:01  Assimilator  
  18  1:08  Probe  
  19  1:20  Probe  
  20  1:28  Cybernetics Core  
  20  1:30  Gateway  
  21  1:35  Probe  
  21  1:48  Probe  
  22  2:00  Probe  
  23  2:04  Warp Gate, Pylon  
  23  2:09  Robotics Facility  
  23  2:21  Adept x2  
  27  2:26  Twilight Council  
  27  2:29  Probe  
  27  2:40  Pylon  
  27  2:41  Probe  
  28  3:04  Immortal  
  32  3:13  Stalker  
  32  3:43  Observer  
  31  3:53  Zealot  
  31  3:54  Zealot  
  35  3:57  Charge  
  35  4:02  Gateway  
  35  4:04  Gateway  
  35  4:08  Robotics Facility  
  34  4:36  Zealot x2  
  34  4:53  Nexus  
  34  4:55  Forge  
  34  5:01  Forge  
  34  5:12  Zealot x2  
  38  5:17  Pylon  
  38  5:33  Pylon  
  38  5:34  Probe  
  39  5:39  Assimilator  
  39  5:41  Assimilator  
  39  5:46  Probe  
  39  5:48  Observer  
  41  5:57  Observer  
  42  6:07  Photon Cannon  
  42  6:08  Protoss Ground Weapons Level 1, Protoss Ground Armor Level 1  
  42  6:14  Photon Cannon  
  42  6:15  Probe  
  42  6:18  Probe  
  44  6:38  Templar Archives  
  44  6:41  Gateway  
  44  6:49  Gateway  
  44  6:58  Immortal  
  47  7:15  High Templar  
  47  7:16  High Templar x2  
  47  7:22  Probe x2  
  55  7:34  High Templar, Probe x2  
  55  7:36  Archon  
  59  7:38  Archon  
  59  7:44  Immortal  
  59  7:46  Probe x2  
  65  8:02  Cybernetics Core  
  65  8:17  Immortal  
  69  8:36  Pylon  
  69  8:43  Protoss Ground Weapons Level 2, Protoss Ground Armor Level 2, Pylon  
  69  8:44  Probe  
  70  8:54  Probe  
  71  8:56  Probe  
  71  8:58  High Templar x2  
  76  9:06  Probe  
  77  9:10  Zealot x3  
  77  9:11  Zealot  
  78  9:42  Psionic Storm  
  78  10:02  Probe x2  
  80  10:11  Shield Battery  
  80  10:14  Probe  
  80  10:15  Probe  
  80  10:17  Photon Cannon  
  82  10:25  Pylon  
  82  10:27  Probe x2  
  84  10:43  Immortal x2  
  84  10:44  Pylon  
  92  10:53  Shield Battery  
  92  10:56  Probe x2  
  94  11:02  High Templar  
  94  11:03  High Templar x3  
  102  11:07  Archon  
  102  11:08  Archon  
  102  11:27  Pylon  
  102  11:38  Nexus  
  102  11:40  Assimilator  
  102  11:44  Assimilator  
  102  11:47  Pylon  
  102  11:50  High Templar x2  
  102  11:51  High Templar x2, Pylon  
  110  11:54  Archon  
  110  11:56  Archon  
  110  12:07  Pylon  
  110  12:18  Zealot x2  
  114  12:26  Protoss Ground Weapons Level 3  
  114  12:35  Zealot  
  114  12:36  Zealot x2  
  120  12:37  Zealot  
  121  12:46  Protoss Ground Armor Level 3  
  121  12:50  Stalker x2  
  104  13:10  Probe x3  
  107  13:22  Probe x3  
  109  13:28  Stalker  
  109  13:34  Probe x3  
  110  13:46  Probe x2  
  112  13:49  Probe  
  113  13:56  Probe  
  113  13:58  Probe x2  
  116  14:04  Probe  
  116  14:06  Probe  
  117  14:15  Probe x2  
  117  14:16  Probe  
  121  14:26  Probe  
  121  14:28  Probe x2  
  124  14:38  High Templar  
  124  14:39  Probe, High Templar  
  124  14:40  Probe x2  
  124  14:43  Archon  
  131  14:51  Probe  
  131  14:52  Probe  
  133  15:00  Pylon x2  
  133  15:02  Pylon  
  133  15:04  Pylon  
  133  15:05  Pylon  
  133  15:07  Pylon  
  133  15:18  Probe x3  
  136  15:24  Protoss Shields Level 1  
  136  15:30  Probe x3  
  105  16:03  Probe x3  
  107  16:11  Probe x3  
  111  16:19  Probe x2  
  111  16:20  Probe  
  114  16:30  Probe x3  
  107  16:42  Probe x3  
  110  17:05  Zealot x2  
  110  17:06  Zealot x4  
  122  17:27  High Templar x5  
  122  17:28  High Templar  
Show
View Real Time Build Order
Export as new Build Order

Cammy Zerg 

Build Orders: Pool First 

Get SALT Encoding   

  12  0:12  Drone  
  12  0:14  Overlord  
  13  0:17  Drone  
  14  0:33  Drone  
  15  0:40  Spawning Pool  
  14  0:44  Drone  
  15  0:54  Drone  
  16  0:58  Drone  
  17  1:08  Drone, Extractor  
  17  1:22  Hatchery  
  17  1:24  Drone  
  17  1:34  Queen  
  17  1:39  Drone  
  20  1:46  Overlord  
  20  1:57  Drone  
  20  2:00  Zergling x2  
  22  2:19  Queen  
  25  2:37  Drone  
  25  2:39  Queen  
  27  2:46  Drone  
  27  2:47  Zergling x2  
  27  2:48  Zergling x2  
  27  2:50  Metabolic Boost  
  30  2:56  Evolution Chamber  
  29  3:06  Drone  
  29  3:08  Drone x2  
  32  3:23  Zerg Ground Armor Level 1  
  32  3:25  Zergling x6  
  32  3:26  Zergling x2  
  32  3:27  Overlord  
  36  3:29  Overlord  
  35  4:22  Zergling x6  
  35  4:23  Drone x5  
  41  4:38  Zergling x12  
  44  4:39  Overlord x2  
  42  4:54  Extractor  
  42  4:55  Extractor  
  42  4:56  Drone x2  
  42  4:58  Lair  
  42  5:17  Zerg Melee Weapons Level 1  
  42  5:31  Drone x2  
  42  5:32  Zergling x8  
  48  5:48  Drone x4  
  48  5:49  Drone x5, Roach Warren  
  56  6:04  Spore Crawler  
  56  6:10  Spire  
  54  6:14  Extractor  
  54  6:18  Zergling x6  
  56  6:48  Roach x2  
  56  6:49  Overlord x4  
  60  6:58  Glial Reconstitution  
  60  7:05  Overlord  
  60  7:06  Overlord  
  60  7:10  Roach x2  
  60  7:11  Roach, Zerg Ground Armor Level 2  
  66  7:18  Spore Crawler  
  65  7:27  Ravager x2  
  67  7:32  Zerg Flyer Weapons Level 1  
  67  7:33  Mutalisk  
  69  7:40  Drone x7  
  76  7:56  Mutalisk x2  
  80  8:23  Drone  
  80  8:24  Drone x5  
  86  8:34  Mutalisk x2  
  86  8:35  Hatchery  
  86  8:38  Mutalisk  
  91  9:26  Zerg Flyer Armor Level 1  
  91  9:27  Zerg Missile Weapons Level 1  
  74  10:23  Drone x4  
  74  10:24  Drone x2, Infestation Pit  
  74  10:27  Drone x3  
  82  10:43  Extractor  
  82  10:45  Extractor  
  80  11:00  Mutalisk x2, Corruptor x2  
  80  11:01  Mutalisk x4  
  80  11:02  Mutalisk x3  
  102  11:05  Roach  
  102  11:06  Roach  
  102  11:09  Hatchery  
  105  11:12  Hive  
  105  11:17  Tunneling Claws  
  105  11:26  Burrow  
  105  11:33  Drone x2  
  105  11:36  Zerg Flyer Weapons Level 2  
  107  11:49  Drone x3  
  110  12:11  Roach x2  
  110  12:13  Overlord x4  
  112  13:49  Roach x4  
  112  13:50  Zergling x12  
  112  13:51  Mutalisk x5  
  112  13:52  Mutalisk x3, Zerg Flyer Armor Level 2  
  142  14:01  Zerg Ground Armor Level 3  
  142  14:11  Queen  
  142  14:15  Drone x3  
  147  14:54  Roach x2  
  147  14:55  Overlord x5  
  151  15:10  Extractor  
  151  15:13  Extractor  
  149  15:27  Drone x2  
  151  15:29  Drone x2, Overlord x2  
  95  15:53  Mutalisk x3, Roach x2  
  95  15:54  Mutalisk, Roach x2  
  95  15:55  Mutalisk x3, Zergling x8, Roach x2  
  95  15:56  Zergling x8  
  104  15:58  Zergling x4  
  100  16:28  Mutalisk x6  
  100  16:30  Roach x5  
  100  16:37  Roach  
  100  16:38  Zergling x8, Roach x4  
  100  16:39  Zergling x2  
  105  16:40  Zergling x6  
  88  17:02  Roach x2  
  88  17:03  Roach x4  
  75  17:09  Roach x3  
Tags
 
Composition
Archon Immortal
League
Silver
Matchup
PvZ
Opening
Pool First
Spawn Locations
Cross Positions
Add a new tag
Caveats
  • Supply blocks, unpowered buildings, or Contaminate may cause inaccurate times.
  • Supply counts are checked every 10 seconds.